 Dungeon Crawl Stone Soup version 0.30.1-11-g7821555f0a (webtiles) character file.

Game seed: 14740165554472458202

2580 monsoonserge the Basher (level 9, -4/52 HPs)
             Began as a Tengu Reaver on Jan 13, 2024.
             Slain by an ice beast (8 damage)
             ... on level 5 of the Dungeon.
             The game lasted 00:18:22 (4715 turns).

monsoonserge the Basher (Tengu Reaver)              Turns: 4715, Time: 00:18:23

Health: -4/52      AC: 13    Str: 19 (21) XL:     9   Next: 58%
Magic:  0/22       EV: 12    Int: 14 (15) God:
Gold:   345        SH:  4    Dex:  7 (8)  Spells: 8/12 levels left

rFire   . . .        t - +3 flail (holy)
rCold   . . .        x - +0 buckler
rNeg    . . .        D - +3 scale mail {Will+}
rPois   .            (helmet restricted)
rElec   .            d - +0 cloak
rCorr   .            j - +0 pair of gloves
SInv    .            (boots unavailable)
Will    +....        i - amulet of guardian spirit
Stlth   +            s - ring of Medwyos {Str+6 Dex-5 Slay+2 Stlth+}
HPRegen 0.28/turn    C - ring of magical power
MPRegen 0.18/turn

%: guardian spirit
@: flying quickly and evasively, quick
A: beak, talons 3, nimble flight
a: no special abilities


You were on level 5 of the Dungeon.
You visited 1 branch of the dungeon, and saw 6 of its levels.

You collected 345 gold pieces.

Inventory:

Hand Weapons
 c - a +0 sling of draining
 t - a +3 flail of holy wrath (weapon)
Missiles
 g - 2 throwing nets
 l - a boomerang (quivered)
Armour
 d - a +0 cloak (worn)
 j - a +0 pair of gloves (worn)
 x - a +0 buckler (worn)
 A - a +2 leather armour of fire resistance
 D - a +3 scale mail of willpower (worn)
Jewellery
 i - an amulet of guardian spirit (around neck)
 s - the ring of Medwyos (left hand) {Str+6 Dex-5 Slay+2 Stlth+}
   (You found it on level 4 of the Dungeon)

   [ring of strength]

   Str:       It affects your strength (+6).
   Dex:       It affects your dexterity (-5).
   Slay:      It affects your accuracy & damage with ranged weapons and melee
   (+2).
   Stlth:     It makes you more stealthy.
 C - a ring of magical power (right hand)
Wands
 B - a wand of flame (4)
 H - a wand of roots (11)
Scrolls
 f - a scroll of poison
 h - 2 scrolls of silence
 m - a scroll of amnesia {unknown}
 n - 2 scrolls of teleportation {unknown}
 o - 2 scrolls of enchant armour {unknown}
 p - a scroll of fear {unknown}
 q - a scroll of vulnerability {unknown}
 r - 4 scrolls of enchant weapon
 u - a scroll of fog {unknown}
 y - 3 scrolls of immolation {unknown}
 E - 2 scrolls of identify
 F - a scroll of blinking {unknown}
Potions
 a - a potion of brilliance {unknown}
 b - 2 potions of curing
 e - 2 potions of mutation {unknown}
 k - a potion of haste {unknown}
 v - 2 potions of degeneration
 w - a potion of lignification {unknown}
 z - 2 potions of flight {unknown}
 G - a potion of might {unknown}
 I - a potion of magic {unknown}


   Skills:
 + Level 4.4 Fighting
 + Level 8.2 Maces & Flails
 + Level 0.4 Ranged Weapons
 + Level 2.4 Throwing
 * Level 5.9 Armour
 + Level 4.2 Dodging
 * Level 4.2 Shields
 - Level 2.0 Spellcasting
 - Level 6.0 Conjurations
 - Level 2.0 Necromancy
 - Level 2.6 Air Magic
 - Level 2.1 Poison Magic
 + Level 0.2 Evocations


You had 8 spell levels left.
You knew the following spells:

 Your Spells              Type           Power      Damage    Failure   Level
a - Kiss of Death         Conj/Necr      48%        2d9       16%         1
b - Mephitic Cloud        Conj/Pois/Air  11%        N/A       50%         3

Your spell library contained the following spells:

 Spells                   Type           Power      Damage    Failure   Level
 Momentum Strike          Conj/Tloc      18%        3d8       34%         2
 Poisonous Vapours        Pois/Air       16%        N/A       43%         2
 Hailstorm                Conj/Ice       9%         3d4       56%         3
 Gell's Gravitas          Tloc           1%         N/A       94%         3
 Teleport Other           Tloc           1%         N/A       94%         3
 Freezing Cloud           Conj/Ice/Air   4%         6-21      100%        5
 Dispersal                Tloc           0%         N/A       100%        6


Dungeon Overview and Level Annotations

Branches:
Dungeon (6/15)
 Temple: D:4-7

Altars:
Qazlal
Trog
The Shining One

Annotations:
D:3 3 runed translucent doors, ShatteredShell's ghost, amateur MfGl
D:4 4 runed translucent doors
D:6 Menkaure


Innate Abilities, Weirdness & Mutations

You have a beak for a mouth.
You have claws for feet.
Your magical nature lets you fly swiftly and evasively.


Message History

* * * LOW HITPOINT WARNING * * *
You fly upwards.
There is a stone staircase leading down here.
Okay, then.
Okay, then.
It was a potion of degeneration.
There was something very wrong with that liquid.
You feel weakened.
You feel dopey.
You feel clumsy.
The ice beast hits you but does no damage.
Aiming: Throw Flame
Press: ? - help, Shift-Dir - straight line, f - ice beast
Aim: an ice beast (68% to hit)
The puff of flame hits the ice beast.
The ice beast melts!
The ice beast is moderately wounded.
The ice beast hits you but does no damage.
Aiming: Throw Flame
Press: ? - help, Shift-Dir - straight line, f/p - ice beast
Aim: an ice beast (moderately wounded, 68% to hit)
The puff of flame misses the ice beast.
The ice beast closely misses you.
Aiming: Throw Flame
Press: ? - help, Shift-Dir - straight line, f/p - ice beast
Aim: an ice beast (moderately wounded, 68% to hit)
The puff of flame hits the ice beast!
The ice beast melts!
The ice beast is heavily wounded.
The ice beast hits you but does no damage.
Aiming: Throw Flame
Press: ? - help, Shift-Dir - straight line, f/p - ice beast
Aim: an ice beast (heavily wounded, 68% to hit)
The puff of flame hits the ice beast but does no damage.
The ice beast is heavily wounded.
The ice beast closely misses you.
Aiming: Throw Flame
Press: ? - help, Shift-Dir - straight line, f/p - ice beast
Aim: an ice beast (heavily wounded, 68% to hit)
The puff of flame hits the ice beast!
The ice beast melts!
The ice beast is almost dead.
The ice beast hits you.
* * * LOW HITPOINT WARNING * * *
The ice beast freezes you!
You die...

#### ####### ##### #...
#.....# #...# #.≈.
#.....# #...# #.≈.
#.....# ##Y..##### #.§≈
#.....#####@[......#
#.≈§
#........##))..###.#
##.≈≈ #........##..###
#.# #..≈§ #........##..#
#.# #..§§ #####....##..#
#.# #...§ #....##..# #.#
#.... ##### #....##..##
#.#####.... ....#
#....##...####..........
.##.#
#....##.#....#.......#..


You could see an ice beast.

Vanquished Creatures
  A two-headed ogre (D:6)
  Prince Ribbit (D:5)
  Edmund (D:5)
  A water moccasin (D:4)
  2 orc warriors
  2 black bears (D:5)
  An ogre (D:5)
  A centaur (D:4)
  2 phantoms (D:5)
  Blork the orc (D:4)
  3 scorpions
  3 hounds
  2 sleepcaps
  A gnoll bouda (D:5)
  3 iguanas
  3 orc wizards (D:4)
  18 gnolls
  11 adders
  2 ufetubi
  2 worms
  2 dart slugs (D:4)
  15 orcs
  5 ball pythons
  3 bats
  9 endoplasms
  3 giant cockroaches
  3 goblins
  10 hobgoblins
  4 jackals
  8 kobolds
  6 quokkas
  3 frilled lizards
  6 rats
138 creatures vanquished.

Notes
Turn   | Place    | Note
-------+----------+-------------------------------------------
     0 | D:1      | monsoonserge the Tengu Reaver began the quest for the Orb.
     0 | D:1      | Reached XP level 1. HP: 12/12 MP: 4/4
    76 | D:1      | Found a faded altar of an unknown god.
    83 | D:1      | Reached XP level 2. HP: 17/17 MP: 6/6
   384 | D:1      | Reached XP level 3. HP: 11/21 MP: 7/7
   405 | D:1      | Reached skill level 1 in Necromancy
   473 | D:2      | Reached skill level 4 in Maces & Flails
   564 | D:2      | Reached XP level 4. HP: 24/26 MP: 8/8
   699 | D:2      | Reached skill level 1 in Armour
  1051 | D:3      | Gained mutation: Your magical nature lets you fly swiftly
                  | and evasively. [Tengu growth]
  1051 | D:3      | Reached XP level 5. HP: 15/30 MP: 9/9
  1155 | D:3      | Found a runed translucent gate.
  1155 | D:3      | Found a runed translucent gate.
  1155 | D:3      | Found a runed translucent gate.
  1156 | D:3      | Noticed ShatteredShell's ghost (amateur MfGl)
  1301 | D:3      | Found a stormy altar of Qazlal.
  1323 | D:3      | Identified the +3 hand axe "Grim" {protect, *Corrode Dex+4}
  1347 | D:3      | Reached skill level 5 in Maces & Flails
  1788 | D:4      | Reached XP level 6. HP: 26/35 MP: 7/10
  1868 | D:4      | Found a glowing golden altar of the Shining One.
  2053 | D:4      | Learned a level 3 spell: Mephitic Cloud
  2061 | D:4      | Noticed Blork the orc
  2070 | D:4      | Killed Blork the orc
  2118 | D:4      | Reached skill level 1 in Air Magic
  2143 | D:4      | Found a large runed translucent door.
  2143 | D:4      | Found a large runed translucent door.
  2166 | D:4      | Reached XP level 7. HP: 27/29 MP: 9/11
  2188 | D:4      | Reached skill level 6 in Maces & Flails
  2188 | D:4      | Reached skill level 5 in Conjurations
  2188 | D:4      | Reached skill level 1 in Poison Magic
  2298 | D:4      | Found a large runed translucent door.
  2298 | D:4      | Found a large runed translucent door.
  2404 | D:4      | Identified the ring of Medwyos {Str+6 Dex-5 Slay+2 Stlth+}
  2862 | D:4      | Reached skill level 1 in Shields
  3129 | D:5      | Entered Level 5 of the Dungeon
  3214 | D:5      | Reached XP level 8. HP: 46/46 MP: 12/12
  3282 | D:5      | Reached skill level 1 in Throwing
  3365 | D:5      | Noticed Edmund
  3376 | D:5      | Killed Edmund
  3473 | D:5      | Found a bloodstained altar of Trog.
  3480 | D:5      | Reached skill level 7 in Maces & Flails
  3499 | D:5      | Noticed Prince Ribbit
  3519 | D:5      | Killed Prince Ribbit
  4362 | D:6      | Noticed a kobold demonologist
  4369 | D:6      | Noticed a soul eater
  4372 | D:6      | Noticed a hellwing
  4379 | D:5      | Reached XP level 9. HP: 30/47 MP: 10/13
  4603 | D:6      | Noticed Menkaure
  4605 | D:6      | Noticed a two-headed ogre
  4707 | D:6      | Killed a two-headed ogre
  4708 | D:6      | Reached skill level 8 in Maces & Flails
  4708 | D:6      | Reached skill level 5 in Armour
  4715 | D:5      | Slain by an ice beast

Illustrated notes

Levels and vault maps discovered:
D:1:      wander_arrival_estate, layout_rooms, ebering_ecumenical_altar_ruins,
          grunt_decor_fettered
D:2:      layout_rooms
D:3:      layout_rooms, mainiacjoe_overflow_alcove_1, ebering_ghost_rock_garden,
          wander_ebering_terrifying_dragon_lair
D:4:      minmay_general_purpose_star, layout_basic,
          mainiacjoe_overflow_six_doors_small, minmay_hollow_rounded_squares,
          uniq_blork_the_orc
D:5:      layout_basic, mainiacjoe_overflow_catwalk, moated_statue, minivault_4,
          dk_noncrumbling_3, uniq_prince_ribbit1, uniq_edmund
D:6:      layout_cave_pools, chequers_garden, minmay_manual_monstrance,
          uniq_menkaure

Skill      XL: |  1  2  3  4  5  6  7  8  9 |
---------------+----------------------------+-----
Necromancy     | 1 2 |  2.0
Maces & Flails | 4 5 6 7 8 |  8.2
Armour         | 1 2 4 5 |  5.9
Dodging        | 3 4 |  4.2
Air Magic      | 1 2 |  2.6
Conjurations   | 5 6 |  6.0
Poison Magic   | 1 2 |  2.1
Fighting       | 3 4 |  4.4
Shields        | 1 2 4 |  4.2
Throwing       | 2 |  2.4
Ranged Weapons | |  0.4
Spellcasting   | |  2.0
Evocations     | |  0.2

Action                     |  1- 3 |  4- 6 |  7- 9 || total
---------------------------+-------+-------+-------++-------
  Melee: Mace              |    21 |       |       ||    21
         Kick              |    18 |    41 |    34 ||    93
         Peck              |     6 |    28 |    31 ||    65
         Flail             |    20 |   149 |    73 ||   242
         Morningstar       |       |    39 |    75 ||   114
   Fire: Sling             |     2 |       |       ||     2
  Throw: Boomerang         |       |     2 |    11 ||    13
   Cast: Kiss of Death     |       |     4 |    12 ||    16
  Evoke: Wand              |       |       |     6 ||     6
    Use: Scroll            |       |       |     5 ||     5
         Potion            |       |       |     1 ||     1
   Stab: Sleeping          |       |       |     2 ||     2
 Armour: Leather armour    |     3 |    28 |    25 ||    56
         Ring mail         |     8 |    58 |       ||    66
         Scale mail        |       |       |    28 ||    28
  Dodge: Dodged            |    18 |   166 |   112 ||   296
  Block: Buckler           |       |       |    24 ||    24
